Moon Pie, chaotic male elven Priest -------- ------------ |......| $ ...........| $ |.......# * |..........| |......|# $ * #.........<.| |......|# # $ #|..........| |......|### --------------- # ############ #|..........| ---.---- ###-..............####### -----# ----.----.-- $ ## ###|.....>.[.....|#########+...|# ### # ## #.........#.....# ###|...|# # # # ------------.--# #-...|# ### $ # `## |...-##### # $ # # $ $ -----######### ## ---.-### ###-.---# ----|------- |....# #-...-##f#@k.........| |...| * * $ $ |...|# |..........| |>..- |...| ##...........| ----- $ $ ----- ------------ Moon Pie the Acolyte Experience level: 5 Strength: 13 Dexterity: 8 Constitution: 16 Intelligence: 12 Wisdom: 20 Charisma: 10 Health: 0(47) Energy: 66(89) Def: 5 Gold: 379 Moves: 1705 Dungeon seed: dT0DlP6Ej7WFtXa- Game ID: Moon Pie_1614463664 Your Inventory: Coins $ - 379 gold pieces Amulets J - an amulet versus poison Weapons a - a blessed +1 mace (weapon in hand) y - 18 +0 daggers (in quiver) B - a +0 aklys (alternate weapon; not wielded) F - a +0 aklys Armor e - a +0 robe (being worn) n - a +0 small shield (being worn) N - a +0 pair of iron shoes (being worn) Comestibles c - a clove of garlic d - a sprig of wolfsbane j - 2 cream pies p - a tin of kobold meat s - a slime mold Scrolls m - a cursed scroll of identify E - a scroll of create monster Spellbooks f - a spellbook of detect food g - a spellbook of stone to flesh x - a spellbook of slow monster Potions b - 4 potions of holy water u - a cursed potion of fruit juice w - a diluted potion of confusion Wands i - a wand of striking (0:6) Tools h - a wooden harp l - a leash v - a towel D - 4 wax candles (0:400) H - a skeleton key K - a partly used wax candle (0:271) Gems q - 2 worthless pieces of black glass r - a worthless piece of yellow glass I - an emerald Spells and supernatural/magical abilities: Name Level Category Fail Memory s - slow monster 2 enchantment 22% 97% E - detect food 2 divination 22% 92% S - stone to flesh 3 healing 61% 92% W - pray for help -- divine ? -- X - turn undead -- divine ? -- Your skills at the end: Fighting Skills Weapon Skills mace [Basic] Spellcasting Skills clerical spells [Basic] Final Attributes: You were piously aligned. You were sleep resistant. You had infravision. You were lucky. You are dead. Vanquished creatures: 2 gnome lords a gnomish wizard 3 dwarves a monkey a werejackal an acid blob a hobbit a hobgoblin a yellow mold 7 gnomes 3 geckos 10 jackals 2 kobolds 6 grid bugs 3 lichens a kobold zombie 4 newts 48 creatures vanquished. Voluntary challenges: You used a wielded weapon 49 times, starting on turn 39. You read items or engraved 4 times, starting on turn 147. You never genocided any monsters. You never polymorphed an object. You never changed form. You used no wishes. You never split a pudding. You never wrote Elbereth's name. You never violated your personal moral code. Dungeon overview: The Dungeons of Doom: levels 1 to 4 Level 1 a long staircase Level 2 a general store, an altar to Ptah, some fountains Level 3 Level 4 <- You were here a sink stairs to The Gnomish Mines The Gnomish Mines: Level 5 stairs to The Dungeons of Doom History has recorded: On T:1 you entered the Dungeons of Doom to retrieve the Amulet of Yendor! On T:219 you reached level 2 of The Dungeons of Doom. On T:727 you reached level 3 of The Dungeons of Doom. On T:937 you advanced to experience level 2. On T:1169 you reached level 4 of The Dungeons of Doom. On T:1215 you advanced to experience level 3. On T:1367 you reached level 1 of The Gnomish Mines. On T:1414 you advanced to experience level 4. On T:1522 you advanced to experience level 5. Score breakdown: Gold: 379 ( 8775 points) Experience: 5 levels (11141 points) Exploration: 5 levels ( 9.80%) ( 8485 points) Discoveries: 6 items ( 2.10%) ( 4345 points) Valuables value: (no points given unless you survive) Artifact value: 0 ( 0 points) Variety of kills: 17 monsters ( 4.46%) ( 6336 points) Turncount: 1705 turns ( 0 points) Survival: died (score multiplied by 80%) Total score: 31265 Latest messages: You see here a +0 pair of hard shoes. Qwerty picks up a +0 pair of hard shoes. You snuff out your candle. Qwerty drops a +0 pair of hard shoes. Qwerty picks up a +0 pair of hard shoes. Qwerty drops a +0 pair of hard shoes. Qwerty picks up a +0 pair of hard shoes. Qwerty drops a +0 pair of hard shoes. You stop running. The kobold lord hits! You hit the kobold lord. You hear some noises. You hit the kobold lord. The kobold lord hits! You miss the kobold lord. (2x) The kobold lord hits! You miss the kobold lord. (2x) The kobold lord hits! You are now wielding your mace. B - a thonged club (alternate weapon; not wielded). You miss the kobold lord. You hit the kobold lord! The kobold lord hits! You die... Final status: Goodbye Moon Pie the Priest, killed by a kobold lord... You died in The Dungeons of Doom on dungeon level 4 with 31265 points, and 379 pieces of gold, after 1705 moves. You were level 5 with a maximum of 47 hit points when you died.